 Dungeon Crawl Stone Soup version 0.30.0-10-gfe55d96785 (webtiles) character file.

Game seed: 10694972335759461972

144 monsoonserge the Covered (level 5, -4/46 HPs)
             Began as a Meteoran Fighter on May 15, 2023.
             Slain by a steam dragon (6 damage)
             ... on level 3 of the Dungeon.
             The game lasted 00:07:42 (1223 turns).

monsoonserge the Covered (Meteoran Fighter)         Turns: 1223, Time: 00:07:43

Health: -4/46      AC:  7    Str: 20    XL:     5   Next: 81%
Magic:  0/6        EV:  9    Int:  9    God:
Gold:   35         SH:  5    Dex: 13    Spells: 4/4 levels left

rFire   . . .        v - +5 club
rCold   . . .        c - +0 buckler
rNeg    . . .        b - +0 scale mail
rPois   .            (no helmet)
rElec   .            (no cloak)
rCorr   .            (no gloves)
SInv    .            (no boots)
Will    .....        g - amulet of guardian spirit Stlth
                     p - ring of flight
HPRegen 0.27/turn    (no ring)
MPRegen 0.10/turn

%: guardian spirit
@: mighty, flying, glowing
A: sense surroundings 1, otherworldly, glowing, explore regen
a: no special abilities


You were on level 3 of the Dungeon.
You visited 1 branch of the dungeon, and saw 4 of its levels.

You collected 105 gold pieces.
You spent 70 gold pieces at shops.

Inventory:

Hand Weapons
 a - a +0 flail
 v - a +5 club (weapon)
Missiles
 u - 5 poisoned darts (quivered)
Armour
 b - a +0 scale mail (worn)
 c - a +0 buckler (worn)
Jewellery
 g - an amulet of guardian spirit (around neck)
 m - a ring of ice
 p - a ring of flight (left hand)
Scrolls
 h - 2 scrolls of noise {unknown}
 j - 2 scrolls of identify {unknown}
 k - 2 scrolls of immolation {unknown}
 o - 2 scrolls of amnesia {unknown}
 s - a scroll of teleportation {unknown}
 t - a scroll of vulnerability {unknown}
 w - a scroll of poison {unknown}
Potions
 e - a potion of magic {unknown}
 f - a potion of lignification {unknown}
 i - a potion of mutation {unknown}
 l - 2 potions of curing {unknown}
 n - 4 potions of haste {unknown}
 q - a potion of ambrosia {unknown}
 r - 2 potions of heal wounds


   Skills:
 + Level 4.1 Fighting
 + Level 4.5 Maces & Flails
 + Level 4.6 Armour
 + Level 0.9 Dodging
 + Level 4.4 Shields


You had 4 spell levels left.
You didn't know any spells.
Your spell library contained the following spells:

 Spells                   Type           Power      Damage    Failure   Level
 Freeze                   Ice            0%         1d3       80%         1
 Sandblast                Erth           0%         2d4       80%         1
 Slow                     Hex            0%         N/A       80%         1
 Passwall                 Tmut/Erth      0%         N/A       90%         2
 Confusing Touch          Hex            0%         N/A       99%         3
 Frozen Ramparts          Ice            0%         1d1       99%         3
 Hailstorm                Conj/Ice       0%         3d3       99%         3
 Stone Arrow              Conj/Erth      0%         3d7       99%         3
 Vampiric Draining        Necr           0%         2d6       99%         3


Dungeon Overview and Level Annotations

Branches:
Dungeon (4/15) Zot: 1129
 Temple: D:4-7

Altars:

Shops:
D:3 !


Innate Abilities, Weirdness & Mutations

You passively map a small area around you.
You are easily found by Zot.
You glow in the dark.
You regain HP and MP as you explore.


Message History

You see here a +0 robe.
A steam dragon comes into view.
The steam dragon barely misses you.
The steam dragon claws you but does no damage.
You hit the steam dragon.
The steam dragon is lightly wounded.
The steam dragon bites you but does no damage.
The steam dragon claws you but does no damage.
You hit the steam dragon but do no damage.
The steam dragon is lightly wounded.
The steam dragon breathes steam at you. The ball of steam hits you!
You hit the steam dragon.
The steam dragon is moderately wounded.
You are engulfed in a cloud of scalding steam.
You block the steam dragon's attack. The steam dragon closely misses you.
You barely miss the steam dragon.
The steam dragon is moderately wounded.
You are engulfed in a cloud of scalding steam.
The steam dragon breathes steam at you. The ball of steam hits you!
You hit the steam dragon.
The steam dragon is moderately wounded.
You are engulfed in a cloud of scalding steam.
The steam dragon bites you but does no damage.
The steam dragon barely misses you.
You closely miss the steam dragon.
The steam dragon is moderately wounded.
The steam dragon bites you but does no damage.
The steam dragon claws you but does no damage.
You feel very mighty all of a sudden. The steam dragon breathes steam at you.
The ball of steam hits you!
* * * LOW HITPOINT WARNING * * *
You sock the steam dragon!
The steam dragon is heavily wounded.
You are engulfed in a cloud of scalding steam.
* * * LOW HITPOINT WARNING * * *
The steam dragon bites you.
You die...

,
.........######
# * ######.## #
,* #.# # #.# #
#.# ## ## ,
####.# #. .# *
* ##[##.# ## .#
* * * ##.#.#.#
# .# *,
#@###..# .# , ,
##D#.### .# * *
, * #.#* .# ,
#.# #### .# , #
# * *######<[.
.# , * ,,,
,,.......... †#
, , ..........
.# *,
.######.#. .###
,, .....#.


You could see a steam dragon (catching breath).

Vanquished Creatures
  Jessica (D:3)
  6 adders
  2 dart slugs
  8 endoplasms
  5 giant cockroaches
  A goblin (D:2)
  8 hobgoblins
  A jackal (D:2)
  3 quokkas
  10 ball pythons
  4 bats
  A frilled lizard (D:2)
  2 kobolds
  5 rats
57 creatures vanquished.

Notes
Turn   | Place    | Note
-------+----------+-------------------------------------------
     0 | D:1      | monsoonserge the Meteoran Fighter began the quest for the
                  | Orb.
     0 | D:1      | Reached XP level 1. HP: 19/19 MP: 2/2
    48 | D:1      | Reached XP level 2. HP: 26/26 MP: 3/3
   305 | D:1      | Reached XP level 3. HP: 31/31 MP: 4/4
   637 | D:2      | Reached XP level 4. HP: 40/40 MP: 3/5
   839 | D:2      | Reached XP level 5. HP: 46/46 MP: 6/6
   945 | D:3      | Noticed Jessica
   949 | D:3      | Killed Jessica
   962 | D:3      | Found Bogiwk's Distillery.
   976 | D:3      | Bought a potion of heal wounds for 70 gold pieces
  1215 | D:3      | Noticed a steam dragon
  1223 | D:3      | HP: 2/46 [steam dragon] (6)]
  1223 | D:3      | Slain by a steam dragon

Illustrated notes

Levels and vault maps discovered:
D:1:      wander_arrival_fairy_ring, layout_loops_ring
D:2:      layout_basic, minmay_misc_feat_plants, minmay_heptomino_w4
D:3:      layout_loops_ring, serial_shops, shop, hangedman_glass_teeth,
          nicolae_elevator_lobby_asterisk, uniq_jessica
D:4:      layout_rooms, elyvilon_altar_5, pdpol_wu_jian_five_deadly_venoms

Skill      XL: |  1  2  3  4  5 |
---------------+----------------+-----
Armour         | 4 |  4.6
Shields        | 4 |  4.4
Maces & Flails | 3 4 |  4.5
Fighting       | 4 |  4.1
Dodging        | |  0.9

Action                     |  1- 3 |  4- 6 || total
---------------------------+-------+-------++-------
  Melee: Flail             |    84 |    74 ||   158
         Club              |       |    26 ||    26
    Use: Potion            |       |     1 ||     1
 Armour: Scale mail        |    42 |    90 ||   132
  Dodge: Dodged            |    32 |    46 ||    78
  Block: Buckler           |    29 |    30 ||    59
